 Dungeon Crawl Stone Soup version 0.16-a0-3827-g034e2a6 (webtiles) character file.

273 orendel the Shield-Bearer (level 6, -1/39 HPs)
             Began as a Gargoyle Fighter on Jan 29, 2015.
             Was a Follower of Trog.
             Hit by a tomahawk of returning thrown by an orc warrior (5 damage)
             ... summoned by a shadow trap
             ... triggered by a rat
             ... on level 3 of the Dungeon.
             The game lasted 00:13:02 (1984 turns).

orendel the Shield-Bearer (Gargoyle Fighter)        Turns: 1984, Time: 00:13:03

Health: -1/39      AC: 14    Str: 22    XL:     6   Next: 24%
Magic:  6/6        EV:  7    Int:  8    God:    Trog [*.....]
Gold:   141        SH: 11    Dex:  9    Spells: 0 memorised, 5 levels left

rFire  . . .     SeeInvis .     a - +2 flail
rCold  . . .     Clarity  .     b - +0 scale mail
rNeg   + + .     SustAb   .     c - +1 shield
rPois  ∞         Gourm    .     (no helmet)
rElec  +         Spirit   .     d - +0 cloak
rCorr  .         Warding  .     l - +0 pair of gloves
rMut   .         Stasis   .     (no boots)
MR     .....                    (no amulet)
Stlth  ..........               (no ring)
                                i - ring of positive energy

@: not resistant to hostile enchantments, extremely unstealthy
A: negative energy resistance 1, electricity resistance, unbreathing,
petrification resistance, rot immunity, AC +4
a: Burn Spellbooks, Berserk, Renounce Religion


You were on level 3 of the Dungeon.
You worshipped Trog.
Trog was aware of your devotion.
You were not hungry.

You visited 1 branch of the dungeon, and saw 3 of its levels.

You collected 141 gold pieces.

Inventory:

Hand weapons
 a - a +2 flail (weapon)
Armour
 b - a +0 scale mail (worn)
 c - a +1 shield (worn)
 d - a +0 cloak (worn)
 l - a +0 pair of gloves (worn)
Jewellery
 i - a ring of positive energy (left hand)
Magical devices
 f - a wand of polymorph (8)
Scrolls
 e - 2 scrolls of identify
 g - 2 scrolls of remove curse
Potions
 h - 2 potions of curing
Comestibles
 j - a meat ration
 k - a bread ration


   Skills:
 + Level 4.3 Fighting
 + Level 3.6 Maces & Flails
 + Level 4.4 Armour
 - Level 5.0 Shields


You had 5 spell levels left.
You didn't know any spells.

Dungeon Overview and Level Annotations

Branches:
Dungeon (3/15)

Altars:
Dithmenos
Nemelex Xobeh
Trog


Innate Abilities, Weirdness & Mutations

You are resistant to torment.
You are immune to poison.
Your stone body is very resilient (AC +4).
You resist negative energy.
You are resistant to electric shocks.
You can survive without breathing.
You are immune to petrification.
You are immune to rotting.


Message History

You hit the orc warrior but do no damage.
The orc warrior hits you with a vampiric morningstar!
* * * LOW HITPOINT WARNING * * *
The orc warrior throws a tomahawk of returning.
You block the tomahawk of returning.
The weapon returns to the orc warrior!
The orc warrior throws a tomahawk of returning.
You block the tomahawk of returning.
The weapon returns to the orc warrior!
The orc warrior throws a tomahawk of returning.
The tomahawk of returning barely misses you.
The weapon returns to the orc warrior!
The orc warrior throws a tomahawk of returning.
The tomahawk of returning hits you.
* * * LOW HITPOINT WARNING * * *
The weapon returns to the orc warrior!
The orc warrior throws a tomahawk of returning.
You block the tomahawk of returning.
The weapon returns to the orc warrior!
There is a stone staircase leading up here.
The orc warrior throws a tomahawk of returning.
The tomahawk of returning hits you.
You die...

####.#######..#.#
.##..........#..#o#
..........##.#..#.#
....##.##.##.#..#.#
#.##.##.#..#.#
#.##.##....#.#
#.##.##...##.#
#.##.##....#.#
#..........@.#
#....#...#.### ##
#<###......## ..
#.##........# #.
#(###§#§....#
#.###)##§§§#§#..
#.#...#)#§#§##..#
#.#.#.§§)_§§§...#
#.>.###§#§#§#...#


You could see an orc warrior.

Vanquished Creatures
  A giant frog (D:3)
  Jessica (D:3)
  Terence (D:3)
  3 adders
  4 gnolls
  7 worms (D:2)
  2 giant geckos
  5 orcs (D:3)
  3 ball pythons
  12 goblins
  8 hobgoblins
  5 bats
  4 giant cockroaches
  A giant gecko skeleton (D:3)
  3 giant newts
  9 kobolds
  A quokka (D:3)
  9 rats
79 creatures vanquished.

Notes
Turn   | Place    | Note
--------------------------------------------------------------
     0 | D:1      | orendel, the Gargoyle Fighter, began the quest for the Orb.
     0 | D:1      | Reached XP level 1. HP: 14/14 MP: 1/1
   106 | D:1      | Reached XP level 2. HP: 19/19 MP: 2/2
   269 | D:1      | Reached XP level 3. HP: 16/23 MP: 3/3
   464 | D:1      | Reached skill level 4 in Shields
   777 | D:2      | Reached XP level 4. HP: 27/29 MP: 4/4
  1001 | D:2      | Noticed a moth of wrath
  1003 | D:2      | Found a bloodstained altar of Trog.
  1050 | D:2      | Became a worshipper of Trog the Wrathful
  1148 | D:2      | Reached XP level 5. HP: 31/33 MP: 5/5
  1510 | D:3      | Noticed Terence
  1514 | D:3      | Noticed Jessica
  1527 | D:3      | Killed Terence
  1542 | D:3      | Killed Jessica
  1583 | D:3      | Found a sparkling altar of Nemelex Xobeh.
  1868 | D:3      | Found a shadowy altar of Dithmenos.
  1899 | D:3      | Reached skill level 5 in Shields
  1899 | D:3      | Reached XP level 6. HP: 32/38 MP: 6/6
  1901 | D:3      | Acquired Trog's first power
  1984 | D:3      | Hit by a tomahawk of returning thrown by an orc warrior

Action                   |  1- 3 |  4- 6 || total
-------------------------+-------+-------++-------
Melee: Flail             |    97 |   158 ||   255
Invok: Burn Spellbooks   |       |     1 ||     1
  Use: Scroll            |     6 |     3 ||     9
       Potion            |       |     2 ||     2
  Eat: Bread ration      |       |     1 ||     1
